 Dungeon Crawl Stone Soup version 0.30.2 (webtiles) character file.

Game seed: 944874134731538287

81 porpoise the Shooter (level 4, 0/35 HPs)
             Began as a Demonspawn Hunter on Jan 25, 2024.
             Killed from afar by an orc wizard (9 damage)
             ... with a puff of flame
             ... on level 3 of the Dungeon.
             The game lasted 00:06:10 (2177 turns).

porpoise the Shooter (Demonspawn Hunter)            Turns: 2177, Time: 00:06:10

Health: 0/35       AC:  5    Str: 11    XL:     4   Next: 20%
Magic:  4/4        EV: 12    Int: 10    God:
Gold:   87         SH:  0    Dex: 19    Spells: 3/3 levels left

rFire   . . .        n - +0 short sword
rCold   . . .        (no shield)
rNeg    . . .        c - +0 leather armour
rPois   .            (no helmet)
rElec   .            (no cloak)
rCorr   .            f - +0 pair of gloves
SInv    .            t - +0 pair of boots
Will    .....        (no amulet)
Stlth   ++           j - ring of flight
HPRegen 0.25/turn    (no ring)
MPRegen 0.09/turn

%: no passive effects
@: flying
A: powered by death 1
a: no special abilities


You were on level 3 of the Dungeon.
You visited 1 branch of the dungeon, and saw 3 of its levels.

You collected 87 gold pieces.

Inventory:

Hand Weapons
 a - a +0 shortbow
 n - a +0 short sword (weapon)
Missiles
 o - 2 curare-tipped darts
 p - 10 poisoned darts
Armour
 c - a +0 leather armour (worn)
 f - a +0 pair of gloves (worn)
 t - a +0 pair of boots (worn)
Magical Staves
 x - a staff of fire
Jewellery
 j - a ring of flight (left hand)
Scrolls
 b - a scroll of immolation
 d - a scroll of poison {unknown}
 g - a scroll of teleportation
 k - a scroll of amnesia
 s - a scroll of fear {unknown}
 w - a scroll of vulnerability
Potions
 e - a potion of magic
 h - 2 potions of heal wounds
 i - a potion of berserk rage {unknown}
 l - a potion of mutation {unknown}
 m - 2 potions of haste
 q - a potion of experience {unknown}
 r - a potion of attraction {unknown}
 u - a potion of curing {unknown}
 v - a potion of flight {unknown}


   Skills:
 + Level 3.0 Fighting
 * Level 4.8 Ranged Weapons
 - Level 1.7 Dodging
 - Level 0.8 Stealth


You had 3 spell levels left.
You didn't know any spells.
Your spell library contained the following spells:

 Spells                   Type           Power      Damage    Failure   Level
 Apportation              Tloc           0%         N/A       45%         1
 Necrotise                Necr           0%         1d4       45%         1
 Summon Small Mammal      Summ           0%         N/A       45%         1
 Portal Projectile        Hex/Tloc       0%         N/A       83%         3
 Tukima's Dance           Hex            0%         N/A       83%         3
 Blade Hands              Tmut           0%         N/A       100%        5


Dungeon Overview and Level Annotations

Branches:
Dungeon (3/15)

Altars:
Vehumet


Innate Abilities, Weirdness & Mutations

You regenerate a little health from kills.


Message History

The orc wizard hits you but does no damage.
The orc wizard closely misses you.
You shoot an arrow. The arrow barely misses the orc wizard.
The orc wizard points at you and mumbles some strange words.
The magic dart hits you.
You shoot an arrow. The arrow hits the orc wizard.
The orc wizard is severely wounded.
The orc wizard closely misses you.
You shoot an arrow.
The arrow closely misses the orc wizard.
The orc wizard casts a spell.
The orc wizard flickers and vanishes!
Deactivating autopickup; reactivate with Ctrl-A.
Something hits you.
No target in view!
No target in view!
You are now empty-handed.
n - a +0 short sword (weapon)
You miss something.
You hear some strange, mumbled words.
A magic dart appears from out of thin air!
The magic dart hits you.
You hit something but do no damage.
You hear some strange, mumbled words.
You are confused.
You miss something. Something hits you.
You hit something. Something hits you but does no damage.
You barely miss something.
You hear some strange, mumbled words.
A magic dart appears from out of thin air!
The magic dart hits you!
* * * LOW HITPOINT WARNING * * *
You bump into the rock wall.
You feel less confused. Something hits you.
* * * LOW HITPOINT WARNING * * *
You hear some strange, mumbled words.
A puff of flame appears from out of thin air!
The puff of flame hits you!
You die...

#. #####.##....##.#
#####.##......)..#....#
.......(.###.......#..^
####.#..# #####.####.#
# #..# #.# #.# #
#..######... #
#.###............
#...{.#####.......
#.#.@.# .....
............'..
####.....####.. #.#..##
#..).# ###.## #.# #.


There were no monsters in sight!

Vanquished Creatures
  An adder (D:2)
  2 worms (D:2)
  A dart slug (D:2)
  3 orcs (D:3)
  6 bats
  4 endoplasms
  2 giant cockroaches
  3 goblins
  5 hobgoblins
  3 jackals (D:3)
  3 quokkas (D:2)
  4 ball pythons
  10 frilled lizards
  6 kobolds
  6 rats
59 creatures vanquished.

Notes
Turn   | Place    | Note
-------+----------+-------------------------------------------
     0 | D:1      | porpoise the Demonspawn Hunter began the quest for the Orb.
     0 | D:1      | Reached XP level 1. HP: 16/16 MP: 1/1
   149 | D:1      | Gained mutation: You regenerate a little health from kills.
                  | [demonic ancestry]
   149 | D:1      | Reached XP level 2. HP: 22/22 MP: 2/2
   269 | D:1      | Reached skill level 4 in Ranged Weapons
   673 | D:2      | Reached XP level 3. HP: 28/28 MP: 3/3
  1513 | D:3      | Found a radiant altar of Vehumet.
  1609 | D:3      | Reached XP level 4. HP: 34/34 MP: 4/4
  2177 | D:3      | Killed from afar by an orc wizard

Illustrated notes

Levels and vault maps discovered:
D:1:      dpeg_arrival_tiny_j, layout_basic, minmay_crystal_room
D:2:      layout_basic, minmay_lizard_king
D:3:      layout_loops_corners, lemuel_tele_altar, marbit_many_paths

Skill      XL: |  1  2  3  4 |
---------------+-------------+-----
Ranged Weapons | 4 |  4.8
Fighting       | 3 |  3.0
Dodging        | |  1.7
Stealth        | |  0.8

Action                     |  1- 3 |  4- 6 || total
---------------------------+-------+-------++-------
  Melee: Short sword       |       |     5 ||     5
   Fire: Shortbow          |   135 |    35 ||   170
    Use: Scroll            |     5 |     1 ||     6
 Armour: Leather armour    |    33 |    11 ||    44
  Dodge: Dodged            |    38 |    18 ||    56
